BSA
HOUSTON MARSHALS @ AUSTIN RIVER SHARKS
06/10/2026
 
TOP OF THE 1ST
Toronto Titans batting - Pitching for Austin River Sharks : RHP Takahiro Sakei
Pitching: RHP Takahiro Sakei
Batting: SHB Ramón Lugo 0-0: Ball
1-0: DOUBLE (Flyball, 7LM)
Batting: LHB Kent MacDulothe 0-0: Ball
1-0: Swinging Strike
1-1: Ball
2-1: Foul Ball, location: 2F
2-2: SINGLE (Groundball, 34D)
Ramón Lugo to third
Runner from 3rd tries for Home, SAFE, throw made home
Kent MacDulothe to second
Batting: LHB José Rodríguez 0-0: Swinging Strike
0-1: 2-RUN HOME RUN (Flyball, 9D), Distance : 430 ft
Batting: LHB Roberto García 0-0: Called Strike
0-1: Foul Ball, location: 2F
0-2: Ball
1-2: Fly out, F8 (Flyball, 8LD)
Batting: SHB Álex Rosado 0-0: Called Strike
0-1: Swinging Strike
0-2: Ball
1-2: Strikes out looking
Batting: SHB Juan Gómez 0-0: Called Strike
0-1: Swinging Strike
0-2: Ball
1-2: Foul Ball, location: 2F
1-2: Strikes out swinging
Top of the 1st over - 3 run(s), 3 hit(s), 0 error(s), 0 left on base; Toronto 3 - Austin 0
BOTTOM OF THE 1ST
Austin River Sharks batting - Pitching for Toronto Titans : RHP José Gonzáles
Pitching: RHP José Gonzáles
Batting: RHB Tyler Wagner 0-0: Called Strike
0-1: Swinging Strike
0-2: Foul Ball, location: 2F
0-2: Ball
1-2: Ball
2-2: Foul Ball, location: 2F
2-2: SINGLE (Line Drive, 4MD)
Batting: RHB Carlos Pérez 0-0: Ball
1-0: Called Strike
1-1: Called Strike
Tyler Wagner steals 2nd base
1-2: Foul Ball, location: 2F
1-2: Strikes out swinging
Batting: SHB Juan Castro 0-0: Foul Ball, location: 2F
0-1: Called Strike
0-2: Ball
1-2: Strikes out swinging passed ball, reaches first!
Tyler Wagner to third
Batting: LHB Pedro Zaragoza 0-0: Swinging Strike
0-1: Called Strike
0-2: Ball
1-2: Ball
2-2: Strikes out looking
Batting: RHB Kenneth Roberts 0-0: Ball
1-0: Ball
2-0: Called Strike
2-1: Foul Ball, location: 2F
2-2: Strikes out swinging
Bottom of the 1st over - 0 run(s), 1 hit(s), 0 error(s), 2 left on base; Toronto 3 - Austin 0
TOP OF THE 2ND
Toronto Titans batting - Pitching for Austin River Sharks : RHP Takahiro Sakei
Batting: LHB Matt Smith 0-0: Ball
1-0: Called Strike
1-1: Ball
2-1: SINGLE (Flyball, 8LS)
Batting: RHB Alberto Velásquez 0-0: Ball
1-0: Foul Ball, location: 2F
1-1: Called Strike
1-2: Ball
2-2: Fly out, F3 (Popup, 3L)
Batting: RHB Pedro Rosado 0-0: Called Strike
0-1: Foul Ball, location: 2F
0-2: Foul Ball, location: 2F
0-2: Fly out, F8 (Flyball, 8LM)
Batting: SHB Ramón Lugo 0-0: Ball
1-0: Foul Ball, location: 2F
1-1: Ball
2-1: Foul Ball, location: 2F
2-2: Foul Ball, location: 2F
2-2: Foul Ball, location: 2F
2-2: Ball
3-2: Foul Ball, location: 2F
3-2: Foul Ball, location: 2F
3-2: Fly out, F7 (Flyball, 7M)
Top of the 2nd over - 0 run(s), 1 hit(s), 0 error(s), 1 left on base; Toronto 3 - Austin 0
BOTTOM OF THE 2ND
Austin River Sharks batting - Pitching for Toronto Titans : RHP José Gonzáles
Batting: LHB Terry Maloney 0-0: Ball
1-0: Ball
2-0: Ball
3-0: Base on Balls
Batting: RHB Carlos Guzmán 0-0: Ball
1-0: Swinging Strike
1-1: Foul Ball, location: 2F
1-2: Foul Ball, location: 2F
1-2: Ground out U3 (Groundball, 3S)
Terry Maloney to second
Batting: RHB Orlando Bruno 0-0: Ground out 6-3 (Groundball, 6M)
Terry Maloney to third
Batting: RHB Eric Neal 0-0: Ball
1-0: Foul Ball, location: 2F
1-1: Called Strike
1-2: Foul Ball, location: 2F
1-2: Fly out, F2 (Popup, 2LF)
Bottom of the 2nd over - 0 run(s), 0 hit(s), 0 error(s), 1 left on base; Toronto 3 - Austin 0
TOP OF THE 3RD
Toronto Titans batting - Pitching for Austin River Sharks : RHP Takahiro Sakei
Batting: LHB Kent MacDulothe 0-0: Ground out 4-3 (Groundball, 4)
Batting: LHB José Rodríguez 0-0: Called Strike
0-1: SOLO HOME RUN (Line Drive, 9D), Distance : 447 ft
Batting: LHB Roberto García 0-0: Swinging Strike
0-1: Ball
1-1: SOLO HOME RUN (Flyball, 8RXD), Distance : 431 ft
Batting: SHB Álex Rosado 0-0: Called Strike
0-1: Swinging Strike
0-2: Strikes out swinging
Batting: SHB Juan Gómez 0-0: Called Strike
0-1: Foul Ball, location: 2F
0-2: Ball
1-2: Ball
2-2: Strikes out swinging
Top of the 3rd over - 2 run(s), 2 hit(s), 0 error(s), 0 left on base; Toronto 5 - Austin 0
BOTTOM OF THE 3RD
Austin River Sharks batting - Pitching for Toronto Titans : RHP José Gonzáles
Batting: RHB Tyler Wagner 0-0: Ball
1-0: Called Strike
1-1: Swinging Strike
1-2: Strikes out swinging
Batting: RHB Carlos Pérez 0-0: Ball
1-0: Foul Ball, location: 2F
1-1: DOUBLE (Flyball, 89M)
Batting: SHB Juan Castro 0-0: Ball
1-0: Fly out, F7 (Flyball, 7LD)
Runner from 2nd tags up, SAFE at 3rd, no throw
Batting: LHB Pedro Zaragoza 0-0: Called Strike
0-1: Ground out 3-1 (Groundball, 34)
Bottom of the 3rd over - 0 run(s), 1 hit(s), 0 error(s), 1 left on base; Toronto 5 - Austin 0
TOP OF THE 4TH
Toronto Titans batting - Pitching for Austin River Sharks : RHP Takahiro Sakei
Batting: LHB Matt Smith 0-0: Called Strike
0-1: Ball
1-1: Ball
2-1: Called Strike
2-2: Strikes out swinging
Batting: RHB Alberto Velásquez 0-0: Swinging Strike
0-1: Ball
1-1: Called Strike
1-2: Strikes out looking
Batting: RHB Pedro Rosado 0-0: Ball
1-0: SINGLE (Groundball, 56D)
Batting: SHB Ramón Lugo 0-0: Called Strike
Pedro Rosado steals 2nd base
0-1: Ball
1-1: Foul Ball, location: 2F
1-2: Foul Ball, location: 2F
1-2: Ground out 6-3 (Groundball, 6)
Top of the 4th over - 0 run(s), 1 hit(s), 0 error(s), 1 left on base; Toronto 5 - Austin 0
BOTTOM OF THE 4TH
Austin River Sharks batting - Pitching for Toronto Titans : RHP José Gonzáles
Batting: RHB Kenneth Roberts 0-0: Called Strike
0-1: Swinging Strike
0-2: Ball
1-2: Ball
2-2: Ball
3-2: Foul Ball, location: 2F
3-2: Ground out 5-3 (Groundball, 5S)
Batting: LHB Terry Maloney 0-0: Ball
1-0: Ground out 6-3 (Groundball, 6)
Batting: RHB Carlos Guzmán 0-0: Called Strike
0-1: Called Strike
0-2: Strikes out swinging
Bottom of the 4th over - 0 run(s), 0 hit(s), 0 error(s), 0 left on base; Toronto 5 - Austin 0
TOP OF THE 5TH
Toronto Titans batting - Pitching for Austin River Sharks : RHP Takahiro Sakei
Batting: LHB Kent MacDulothe 0-0: Swinging Strike
0-1: Foul Ball, location: 2F
0-2: Strikes out swinging
Batting: LHB José Rodríguez 0-0: Called Strike
0-1: Ground out U3 (Groundball, 3)
Batting: LHB Roberto García 0-0: Called Strike
0-1: Foul Ball, location: 2F
0-2: Ball
1-2: Ball
2-2: Ball
3-2: Foul Ball, location: 2F
3-2: Foul Ball, location: 2F
3-2: Fly out, F7 (Flyball, 7LM)
Top of the 5th over - 0 run(s), 0 hit(s), 0 error(s), 0 left on base; Toronto 5 - Austin 0
BOTTOM OF THE 5TH
Austin River Sharks batting - Pitching for Toronto Titans : RHP José Gonzáles
Batting: RHB Orlando Bruno 0-0: Ball
1-0: SINGLE (Line Drive, 6)
Batting: RHB Eric Neal 0-0: Ball
1-0: Ball
2-0: Swinging Strike
2-1: Swinging Strike
2-2: Strikes out looking
Batting: RHB Tyler Wagner 0-0: Ball
1-0: Called Strike
1-1: Called Strike
1-2: Fly out, F6 (Line Drive, 6M)
Batting: RHB Carlos Pérez 0-0: Ball
1-0: Foul Ball, location: 2F
1-1: Foul Ball, location: 2F
1-2: Ball
2-2: Ball
3-2: SINGLE (Line Drive, 6)
Orlando Bruno to second
Orlando Bruno to third
Batting: SHB Juan Castro 0-0: Ball
1-0: Swinging Strike
1-1: Ball
2-1: Ball
3-1: Ground out U3 (Groundball, 3L)
Bottom of the 5th over - 0 run(s), 2 hit(s), 0 error(s), 2 left on base; Toronto 5 - Austin 0
TOP OF THE 6TH
Toronto Titans batting - Pitching for Austin River Sharks : RHP Takahiro Sakei
Pitching: RHP Lorenzo Vargas
Batting: SHB Álex Rosado 0-0: SINGLE (Groundball, 6M)
Batting: SHB Juan Gómez 0-0: Ball
1-0: Called Strike
1-1: Called Strike
1-2: Ball
2-2: Foul Ball, location: 2F
2-2: Ball
3-2: Foul Ball, location: 2F
3-2: Base on Balls
Álex Rosado to second
Batting: LHB Matt Smith 0-0: Swinging Strike
0-1: Swinging Strike
0-2: Strikes out swinging
Batting: RHB Alberto Velásquez 0-0: Called Strike
0-1: Ball
1-1: Swinging Strike
1-2: Ball
2-2: Strikes out swinging
Batting: RHB Pedro Rosado 0-0: Ball
1-0: Ball
2-0: Ball
3-0: Base on Balls
Álex Rosado to third
Juan Gómez to second
Batting: SHB Ramón Lugo 0-0: Called Strike
0-1: Ball
1-1: Ball
2-1: Swinging Strike
2-2: Foul Ball, location: 2F
2-2: Ball
3-2: Strikes out looking
Top of the 6th over - 0 run(s), 1 hit(s), 0 error(s), 3 left on base; Toronto 5 - Austin 0
BOTTOM OF THE 6TH
Austin River Sharks batting - Pitching for Toronto Titans : RHP José Gonzáles
Batting: LHB Pedro Zaragoza 0-0: Ball
1-0: Called Strike
1-1: Ball
2-1: Fly out, F7 (Line Drive, 78M)
Batting: RHB Kenneth Roberts 0-0: DOUBLE (Line Drive, 5L)
Batting: LHB Terry Maloney 0-0: Ball
1-0: Foul Ball, location: 2F
1-1: Foul Ball, location: 2F
1-2: Strikes out swinging wild pitch, reaches first!
Kenneth Roberts to third
Pitching: RHP Juan Nieto
Batting: RHB Carlos Guzmán 0-0: Ball
1-0: Foul Ball, location: 2F
1-1: Fly out, F8 (Flyball, 8RXD)
Runner from 3rd tags up, SCORES, no throw
Batting: RHB Orlando Bruno 0-0: Called Strike
0-1: Fly out, F8 (Line Drive, 8LM)
Bottom of the 6th over - 1 run(s), 1 hit(s), 0 error(s), 1 left on base; Toronto 5 - Austin 1
TOP OF THE 7TH
Toronto Titans batting - Pitching for Austin River Sharks : RHP Lorenzo Vargas
Batting: LHB Kent MacDulothe 0-0: SINGLE (Line Drive, 6D)
Batting: LHB José Rodríguez 0-0: Ball
1-0: Ball
2-0: Called Strike
2-1: Ball
3-1: Base on Balls
Kent MacDulothe to second
Batting: LHB Roberto García 0-0: Ball
1-0: Called Strike
1-1: Foul Ball, location: 2F
1-2: Ball
2-2: DOUBLE (Line Drive, 89D)
Kent MacDulothe scores
José Rodríguez to third
Batting: SHB Álex Rosado 0-0: Ball
1-0: Foul Ball, location: 2F
1-1: Ball
2-1: Foul Ball, location: 2F
2-2: 3-RUN HOME RUN (Flyball, 9D), Distance : 401 ft
Pitching: LHP Terry Klassen
Batting: SHB Juan Gómez 0-0: Foul Ball, location: 2F
0-1: Foul Ball, location: 2F
0-2: Ball
1-2: Strikes out looking
Batting: LHB Matt Smith 0-0: Swinging Strike
0-1: Called Strike
0-2: Ball
1-2: Strikes out swinging
Batting: RHB Alberto Velásquez 0-0: Called Strike
0-1: Ground out 1-3 (Groundball, 15S)
Top of the 7th over - 4 run(s), 3 hit(s), 0 error(s), 0 left on base; Toronto 9 - Austin 1
BOTTOM OF THE 7TH
Austin River Sharks batting - Pitching for Toronto Titans : RHP Juan Nieto
Batting: RHB Eric Neal 0-0: Ball
1-0: Ball
2-0: Ball
3-0: Base on Balls
Batting: RHB Tyler Wagner 0-0: Foul Ball, location: 2F
0-1: Called Strike
0-2: Strikes out looking
Batting: RHB Carlos Pérez 0-0: Ball
1-0: Ball
2-0: Ball
3-0: Grounds into double play, 5-4-3 (Groundball, 56)
Bottom of the 7th over - 0 run(s), 0 hit(s), 0 error(s), 0 left on base; Toronto 9 - Austin 1
TOP OF THE 8TH
Toronto Titans batting - Pitching for Austin River Sharks : LHP Terry Klassen
Batting: RHB Pedro Rosado 0-0: Called Strike
0-1: Fly out, F9 (Flyball, 89M)
Batting: SHB Ramón Lugo 0-0: Foul Ball, location: 2F
0-1: Called Strike
0-2: Foul Ball, location: 2F
0-2: Ball
1-2: Ball
2-2: Ball
3-2: Foul Ball, location: 2F
3-2: Foul Ball, location: 2F
3-2: Base on Balls
Batting: LHB Kent MacDulothe 0-0: SINGLE (Line Drive, 56)
Ramón Lugo to second
Batting: LHB José Rodríguez 0-0: Ball
1-0: Foul Ball, location: 2F
1-1: Swinging Strike
1-2: Foul Ball, location: 2F
1-2: Foul Ball, location: 2F
1-2: Strikes out swinging
Batting: LHB Roberto García 0-0: Ball
1-0: Ball
2-0: Called Strike
2-1: Ball
3-1: Base on Balls
Ramón Lugo to third
Kent MacDulothe to second
Batting: SHB Álex Rosado 0-0: Ball
1-0: Ball
2-0: Foul Ball, location: 2F
2-1: Called Strike
2-2: Foul Ball, location: 2F
2-2: Ball
3-2: Strikes out looking
Top of the 8th over - 0 run(s), 1 hit(s), 0 error(s), 3 left on base; Toronto 9 - Austin 1
BOTTOM OF THE 8TH
Austin River Sharks batting - Pitching for Toronto Titans : RHP Juan Nieto
Batting: SHB Juan Castro 0-0: Called Strike
0-1: Swinging Strike
0-2: Foul Ball, location: 2F
0-2: Ball
1-2: Ball
2-2: Ball
3-2: Strikes out swinging
Pitching: RHP Vinícius Itaquy
Batting: LHB Pedro Zaragoza 0-0: Called Strike
0-1: Called Strike
0-2: Strikes out swinging
Batting: RHB Kenneth Roberts 0-0: Ball
1-0: Ball
2-0: Ball
3-0: Base on Balls
Batting: LHB Terry Maloney 0-0: Ball
1-0: Ball
2-0: Called Strike
2-1: DOUBLE (Line Drive, 5D)
Kenneth Roberts to third
Batting: RHB Carlos Guzmán 0-0: Foul Ball, location: 2F
0-1: Swinging Strike
0-2: Ball
1-2: Strikes out swinging
Bottom of the 8th over - 0 run(s), 1 hit(s), 0 error(s), 2 left on base; Toronto 9 - Austin 1
TOP OF THE 9TH
Toronto Titans batting - Pitching for Austin River Sharks : LHP Terry Klassen
Batting: SHB Juan Gómez 0-0: Foul Ball, location: 2F
0-1: Foul Ball, location: 2F
0-2: Ball
1-2: Strikes out swinging
Batting: LHB Matt Smith 0-0: Foul Ball, location: 2F
0-1: Foul Ball, location: 2F
0-2: Strikes out looking
Batting: RHB Alberto Velásquez 0-0: Called Strike
0-1: Ball
1-1: Foul Ball, location: 2F
1-2: Strikes out swinging
Top of the 9th over - 0 run(s), 0 hit(s), 0 error(s), 0 left on base; Toronto 9 - Austin 1
BOTTOM OF THE 9TH
Austin River Sharks batting - Pitching for Toronto Titans : RHP Vinícius Itaquy
Batting: RHB Orlando Bruno 0-0: Foul Ball, location: 2F
0-1: Ball
1-1: Ground out 5-3 (Groundball, 5)
Batting: RHB Eric Neal 0-0: Ball
1-0: Foul Ball, location: 2F
1-1: Ball
2-1: Foul Ball, location: 2F
2-2: Foul Ball, location: 2F
2-2: Ball
3-2: Ground out 6-3 (Groundball, 6)
Batting: RHB Tyler Wagner 0-0: Called Strike
0-1: Called Strike
0-2: Foul Ball, location: 2F
0-2: Foul Ball, location: 2F
0-2: Ball
1-2: SINGLE (Line Drive, 7S)
Batting: RHB Carlos Pérez 0-0: Fly out, F8 (Flyball, 8LM)
Bottom of the 9th over - 0 run(s), 1 hit(s), 0 error(s), 1 left on base; Toronto 9 - Austin 1
Monday, December 5th, 2016 - OOTP Baseball 17.12 Build 75